caesar, neutral male human Barbarian ---------------- #...............| #|......<*......| #|..............| #------------- #|..............| #.`.........`| #---------------- ###|.....`.....| ###### # #|...-.---...| # ----- ### |...|.{ |...-#### # |.*I| # |..`|{.{|`..| # -----# |./[-### |...|.{.|...| ###|...|## |..I| |...-----...| #-...|# | |(%.| |.... ....| |.*.-## ......| |?!.| |`.... ....`| |...|# ------ .??+ ------------- |...| ----- ----- caesar the Bandit Experience level: 6 Strength: 18/03 Dexterity: 15 Constitution: 18 Intelligence: 7 Wisdom: 7 Charisma: 7 Health: 0(67) Energy: 15(15) Def: 5 Gold: 280 Moves: 2486 Dungeon seed: 8ujDq4k7Z7wc5RIl Game ID: caesar_1550591841 Your Inventory: Coins $ - 280 gold pieces Weapons a - the rustproof +0 Cleaver (weapon in hands) B - a +0 two-handed sword Armor e - an uncursed +0 ring mail (being worn) n - an uncursed +0 mummy wrapping r - an uncursed +0 dwarvish cloak (being worn) y - an uncursed +0 pair of iron shoes (being worn) Comestibles c - 2 uncursed food rations C - an uncursed green mold corpse Scrolls d - 2 uncursed scrolls of identify Spellbooks D - an uncursed spellbook of detect food Potions o - an uncursed potion of speed s - an uncursed potion of extra healing u - an uncursed potion of gain energy Tools p - a +0 pick-axe t - 8 uncursed wax candles (0:400) Spells and supernatural/magical abilities: Name Level Category Fail Memory W - pray for help -- divine ? -- Your skills at the end: Fighting Skills bare handed combat [Basic] Weapon Skills axe [Basic] two-handed sword [Basic] Spellcasting Skills Final Attributes: You were piously aligned. You were poison resistant. You were blinded. You were lucky. You are dead. Vanquished creatures: a giant spider a gnome mummy an Uruk-hai a shrieker 2 gnome lords a gnomish wizard 2 gray oozes a little dog 4 dwarves a rabid rat a giant bat an iguana 2 large kobolds 2 cave spiders a brown mold a green mold 13 gnomes 7 garter snakes 3 geckos 8 jackals 2 foxes a kobold 4 sewer rats 3 bats 6 lichens 3 kobold zombies 5 newts 78 creatures vanquished. Voluntary challenges: You used a wielded weapon 74 times, starting on turn 35. You read items or engraved 2 times, starting on turn 961. You never genocided any monsters. You never polymorphed an object. You never changed form. You used no wishes. You never split a pudding. You wrote Elbereth's name 1 time, starting on turn 961. You violated your moral code, losing 20 points of alignment, starting on turn 1465. Dungeon overview: The Dungeons of Doom: levels 1 to 5 Level 1 a fountain a long staircase Level 2 some fountains Level 3 a wand shop, a fountain Level 4 an altar to Crom stairs to The Gnomish Mines Level 5 <- You were here many fountains The Gnomish Mines: levels 5 to 8 Level 5 stairs to The Dungeons of Doom Level 7 Level 8 a delicatessen, a temple to Set, some fountains History has recorded: On T:1 you entered the Dungeons of Doom to retrieve the Amulet of Yendor! On T:65 you reached level 2 of The Dungeons of Doom. On T:369 you reached level 3 of The Dungeons of Doom. On T:556 you advanced to experience level 2. On T:850 you reached level 4 of The Dungeons of Doom. On T:998 you reached level 1 of The Gnomish Mines. On T:1027 you advanced to experience level 3. On T:1165 you reached level 5 of The Dungeons of Doom. On T:1256 you advanced to experience level 4. On T:1629 you reached level 4 of The Gnomish Mines. On T:1696 you advanced to experience level 5. On T:1719 you reached level 3 of The Gnomish Mines. On T:1797 you advanced to experience level 6. On T:2304 you received Cleaver from Crom. Score breakdown: Gold: 280 ( 8329 points) Experience: 6 levels (12456 points) Exploration: 8 levels ( 15.69%) (11224 points) Discoveries: 2 items ( 0.81%) ( 2705 points) Valuables value: (no points given unless you survive) Artifact value: 1500 (10804 points) Variety of kills: 27 monsters ( 7.09%) ( 7986 points) Turncount: 2486 turns ( -322 points) Survival: died (score multiplied by 80%) Total score: 42545 Latest messages: You smite the Uruk-hai! The Uruk-hai misses. You kill the Uruk-hai! You see here a ring mail. You hear a nearby zap. The bat is killed by the bolt of lightning! The bolt of lightning hits you! Your forked wand breaks apart and explodes! Your silver wand breaks apart and explodes! You are blinded by the flash! The bolt of lightning bounces! Wait! There's something there you can't see! You attack thin air. Wait! There's something there you can't see! You hear a nearby zap. The bolt of lightning hits you! You have a sad feeling for a moment, then it passes. It bumps right into you! You attack thin air. You hear a nearby zap. The bolt of lightning hits you! You die... Final status: Goodbye caesar the Barbarian, killed by a bolt of lightning... You died in The Dungeons of Doom on dungeon level 5 with 42545 points, and 280 pieces of gold, after 2486 moves. You were level 6 with a maximum of 67 hit points when you died.